 Dungeon Crawl Stone Soup version 0.28.0 (webtiles) character file.

Game seed: 7549939748287233394

38005 hofbold the Nimble (level 14, -3/106 HPs)
             Began as a Djinni Fire Elementalist on Feb 10, 2022.
             Was an Elder of the Shining One.
             Slain by a komodo dragon (15 damage)
             ... on level 6 of the Lair of Beasts on Feb 11, 2022.
             The game lasted 00:50:16 (28916 turns).

hofbold the Nimble (Djinni Fire Elementalist)      Turns: 28916, Time: 00:50:16

Health: -3/106     AC: 11    Str:  7    XL:     14   Next: 32%
Gold:   580        EV: 19    Int: 21    God:    the Shining One [****..] SH:  0 Dex: 15

rFire   + + .      SeeInvis .   H - +2 dagger (elec)
rCold   x . .      Faith    .   (no shield)
rNeg    + + +      Spirit   .   y - +0 steam dragon scales
rPois   ∞          Reflect  .   (no helmet)
rElec   .          Harm     .   q - +1 cloak
rCorr   .          Rampage  .   l - +2 pair of gloves
Will    ++...                   (boots unavailable)
Stlth   +.........              (no amulet)
HPRegen 0.27/turn               b - ring of positive energy
MPRegen 0.00/turn               J - ring of willpower

@: about to teleport, marked, flying, glowing
A: sickness immunity, fire resistance 2, cold vulnerability 1, float, innate
caster, HP casting, extra vitality 1
a: Renounce Religion, Divine Shield, Cleansing Flame


You were on level 6 of the Lair of Beasts.
You worshipped the Shining One.
The Shining One was greatly pleased with you.
You visited 3 branches of the dungeon, and saw 17 of its levels.

You collected 946 gold pieces.
You spent 366 gold pieces at shops.

Inventory:

Hand Weapons
 f - a +0 dagger of protection
 h - a +1 dagger of freezing
 i - a +3 spear
 m - a +4 spectral hand axe
 H - a +2 dagger of electrocution (weapon)
Missiles
 a - a boomerang
 c - 30 poisoned darts (quivered)
Armour
 l - a +2 pair of gloves (worn)
 o - a +0 leather armour of cold resistance
 q - a +1 cloak (worn)
 y - +0 steam dragon scales (worn)
 K - an orb of wrath
Jewellery
 b - a ring of positive energy (left hand)
 r - a ring of fire
 J - a ring of willpower (right hand)
Wands
 n - a wand of paralysis (14)
 s - a wand of mindburst (18)
 t - a wand of polymorph (21)
 u - a wand of flame (40)
 w - a wand of iceblast (11)
Scrolls
 j - 4 scrolls of teleportation
 k - 3 scrolls of enchant weapon
 p - 5 scrolls of identify
 x - a scroll of brand weapon
 B - 3 scrolls of fog
 G - a scroll of enchant armour {unknown}
 I - a scroll of torment {unknown}
Potions
 d - 6 potions of attraction
 e - a potion of cancellation {unknown}
 g - 2 potions of lignification
 v - a potion of brilliance {unknown}
 z - 2 potions of berserk rage {unknown}
 A - 3 potions of haste
 D - 3 potions of curing {unknown}
 E - 2 potions of mutation {unknown}
 F - 3 potions of might {unknown}


   Skills:
 + Level 11.8 Fighting
 - Level 5.0 Armour
 + Level 13.1 Dodging
 - Level 1.5 Stealth
 + Level 9.6 Spellcasting
 + Level 7.9 Invocations
 + Level 7.9 Evocations


You had one spell level left.
You knew the following spells:

 Your Spells              Type           Power      Damage    Failure   Level
a - Scorch                Fire           100%       2d10      1%          2
b - Foxfire               Conj/Fire      100%       2x1d9     1%          1
c - Flame Wave            Conj/Fire      50%        2d10      1%          4
d - Summon Mana Viper     Hex/Summ       50%        N/A       3%          5
e - Poisonous Vapours     Pois/Air       100%       N/A       1%          2
f - Tukima's Dance        Hex            50%        N/A       1%          3
g - Confusing Touch       Hex            50%        N/A       1%          3
h - Conjure Flame         Conj/Fire      50%        6-21      1%          3
i - Inner Flame           Hex/Fire       50%        N/A       1%          3
j - Animate Dead          Necr           25%        N/A       1%          4
k - Beastly Appendage     Tmut           100%       N/A       1%          1
Your spell library was empty.

Dungeon Overview and Level Annotations

Branches:
Dungeon (10/15)            Temple (1/1) D:7            Lair (6/6) D:8
  Swamp (0/4) Lair:4        Snake (0/4) Lair:3        Slime (0/5) Lair:5
    Orc: D:9-12

Altars:
Ashenzari
Cheibriados
Dithmenos
Gozag
Kikubaaqudgha
Makhleb
Nemelex Xobeh
Okawaru
Qazlal
Ru
Sif Muna
Trog
Uskayaw
Vehumet
Wu Jian
Xom
Yredelemnul
Zin
The Shining One
Lugonu

Shops:
D:7 *

Annotations:
D:10 Sonja
Lair:2 3 runed translucent doors, mfcas's ghost, journeyman DsBe
Lair:6 1 runed translucent door


Innate Abilities, Weirdness & Mutations

You are immune to sickness and miasma.
You are immune to poison.
Your flesh is very heat resistant. (rF++)
You are vulnerable to cold. (rC-)
You float through the air rather than walking.
You learn spells naturally, not from books.
Your magical power is your life essence.
You have superior vitality. (+4 MHP)


Message History

You finish channelling waves of flame.
The tyrant leech bites you! The torpor snail closely misses you.
Casting: Flame Wave (mildly dangerous; 1% risk of failure)
Confirm with . or Enter, or press ? or * to list all spells.
Casting: Flame Wave (mildly dangerous; 1% risk of failure)
Press: ? - help, Dir - look around, f - activate A wave of flame ripples out!
The flame wave engulfs the torpor snail.
The torpor snail is heavily wounded.
The flame wave engulfs the tyrant leech!
The tyrant leech is moderately wounded. (Press . to intensify the flame waves.)
The tyrant leech completely misses you. The torpor snail completely misses you.
A wave of flame ripples out!
The flame wave engulfs the torpor snail but does no damage.
The torpor snail is heavily wounded.
The flame wave engulfs the tyrant leech!
The tyrant leech is heavily wounded.
The tyrant leech bites you. The torpor snail bites you!
* * * LOW HITPOINT WARNING * * *
The tyrant leech bites you!!
* * * LOW HITPOINT WARNING * * *
Blink to where?
Press: ? - help, Dir - move target
As you read the scroll of blinking, it crumbles to dust.
You feel yourself speed up.
As you read the scroll of teleportation, it crumbles to dust.
You feel strangely unstable.
Your surroundings suddenly seem different.
A komodo dragon, a swamp dragon, a fire dragon and a basilisk come into view.
Found six items.
The komodo dragon hisses angrily.
The swamp dragon roars deafeningly!
The fire dragon roars deafeningly!
The basilisk hisses angrily.
You hear an angry hiss.
A rime drake comes into view.
As you read the scroll of teleportation, it crumbles to dust.
You feel strangely unstable.
As you read the scroll of fog, it crumbles to dust.
The scroll dissolves into smoke.
The komodo dragon bites you!
You die...

♣..≈≈♣♣
♣♣♣..≈.≈♣
..≈≈≈.P♣♣♣
≈≈≈≈.$.=♣
♣♣.≈≈..??♣♣
♣.≈≈≈≈.$..♣
♣♣.≈§l§.D!♣
♣.≈≈§@§D?$♣
♣.≈≈§§P♣♣♣♣
♣.≈≈.§≈§♣
♣≈≈≈≈≈≈♣♣
♣≈≈≈≈..♣
♣.≈≈lP♣♣
♣.≈k...
♣≈..≈P♣


You could see a fire dragon, a swamp dragon, a komodo dragon, a basilisk and a
rime drake.

Vanquished Creatures
  A hydra (Lair:6)
  2 boulder beetles (Lair:5)
  4 death yaks
  A fire crab (Lair:6)
  2 black mambas
  8 elephants
  3 torpor snails (Lair:6)
  13 cane toads
  2 rime drakes (Lair:2)
  9 komodo dragons
  Grinder (D:5)
  The ghost of LetschGu the Changer, an amateur DrTm of Okawaru (D:4)
  7 blink frogs
  A tyrant leech (Lair:6)
  4 hornets
  Sigmund (D:4)
  5 wyverns
  31 yaks
  Eustachio (D:6)
  4 basilisks
  2 steam dragons
  7 vampire mosquitoes
  Menkaure (D:4)
  An acid dragon (D:6)
  2 nagas (Lair:3)
  8 water moccasins
  5 orc warriors
  3 ogres
  2 black bears
  11 wolves
  A necrophage (D:8)
  A phantom (D:5)
  2 centaurs
  5 kobold brigands
  12 bullfrogs
  A wyvern zombie (D:8)
  3 scorpions
  20 killer bees
  6 howler monkeys
  3 electric eels
  2 centaur zombies
  A jelly (D:7)
  Crazy Yiuf (D:4)
  2 orc priests
  An iguana (D:6)
  4 orc wizards
  Natasha (thrice) (D:2 D:1)
  3 killer bee zombies
  A hound zombie (D:5)
  A howler monkey zombie (D:9)
  3 gnolls (D:6)
  A river rat (D:4)
  9 adders
  A shadow imp (D:5)
  A white imp (D:5)
  2 ufetubi
  An adder skeleton (D:3)
  6 worms
  A dart slug (D:2)
  14 orcs
  4 bats
  7 endoplasms
  2 giant cockroaches
  8 goblins
  6 hobgoblins
  30 kobolds
  2 quokkas
  5 ball pythons
  5 frilled lizards
  8 rats
  A bush (Lair:6)
333 creatures vanquished.

Vanquished Creatures (collateral kills)
  3 hydras
  2 lindwurms (Lair:6)
  2 elephants (Lair:5)
  A rime drake (Lair:3)
  A komodo dragon (Lair:6)
  A tyrant leech (Lair:6)
  2 polar bears (Lair:6)
  5 hornets (Lair:6)
  2 blink frogs (Lair:6)
  2 basilisks
  A naga (Lair:3)
  An ogre (D:5)
  An electric eel (Lair:6)
  2 lava snakes (Lair:6)
  2 jellies (Lair:5)
  4 endoplasms (Lair:5)
  17 foxfires
49 creatures vanquished.

Vanquished Creatures (others)
  5 dancing weapons
  A bush (Lair:2)
  840 foxfires
  42 fungi
  82 plants
970 creatures vanquished.

Grand Total: 1352 creatures vanquished

Notes
Turn   | Place    | Note
-------+----------+-------------------------------------------
     0 | D:1      | hofbold the Djinni Fire Elementalist began the quest for
                  | the Orb.
     0 | D:1      | Reached XP level 1. HP: 15/15 MP: 0/0
   276 | D:1      | Reached XP level 2. HP: 18/22 MP: 0/0
   591 | D:1      | Reached skill level 1 in Fighting
  1130 | D:1      | Reached XP level 3. HP: 22/27 MP: 0/0
  1130 | D:1      | Learned a level 1 spell: Beastly Appendage
  1254 | D:1      | Found a faded altar of an unknown god.
  1982 | D:2      | Reached XP level 4. HP: 25/32 MP: 0/0
  2074 | D:2      | Reached skill level 3 in Dodging
  2152 | D:2      | Reached skill level 1 in Armour
  2553 | D:2      | Noticed Natasha
  2562 | D:2      | Killed Natasha
  2563 | D:2      | Reached XP level 5. HP: 33/38 MP: 0/0
  2563 | D:2      | Learned a level 2 spell: Poisonous Vapours
  2607 | D:2      | Noticed Natasha
  2611 | D:2      | Killed Natasha
  2819 | D:2      | Noticed Natasha
  2830 | D:1      | Killed Natasha
  4197 | D:3      | Reached XP level 6. HP: 36/45 MP: 0/0
  4671 | D:3      | Found a shadowy altar of Dithmenos.
  4929 | D:4      | Noticed Menkaure
  4941 | D:4      | Killed Menkaure
  4942 | D:4      | Reached skill level 4 in Dodging
  5085 | D:4      | Found a runed translucent door.
  5170 | D:4      | Found a runed translucent door.
  5184 | D:4      | Found an ornate altar of the Wu Jian Council.
  5294 | D:4      | Found a snail-covered altar of Cheibriados.
  5391 | D:4      | Noticed LetschGu's ghost (amateur DrTm)
  5414 | D:4      | Noticed Sigmund
  5420 | D:4      | Killed Sigmund
  5421 | D:4      | Reached XP level 7. HP: 44/50 MP: 0/0
  5421 | D:4      | Learned a level 3 spell: Tukima's Dance
  5526 | D:4      | Found a runed translucent door.
  5527 | D:4      | Noticed Crazy Yiuf
  5581 | D:5      | Entered Level 5 of the Dungeon
  5819 | D:5      | Found a sparkling altar of Nemelex Xobeh.
  5819 | D:5      | Found an opulent altar of Gozag.
  5987 | D:5      | Reached skill level 5 in Dodging
  5987 | D:5      | Reached XP level 8. HP: 43/58 MP: 0/0
  6310 | D:5      | Noticed Grinder
  6972 | D:5      | Killed Grinder
  7204 | D:6      | Reached skill level 6 in Dodging
  7206 | D:6      | Noticed Eustachio
  7336 | D:4      | Killed Crazy Yiuf
  7520 | D:5      | Reached skill level 5 in Fighting
  7520 | D:5      | Reached skill level 5 in Armour
  7520 | D:5      | Reached XP level 9. HP: 47/65 MP: 0/0
  7520 | D:5      | Learned a level 3 spell: Confusing Touch
  7944 | D:5      | Reached skill level 5 in Spellcasting
  8555 | D:6      | Killed Eustachio
  8565 | D:6      | Reached skill level 7 in Dodging
  8919 | D:6      | Identified the +2 pair of boots of Rinumpi {rC+ Int+3
                  | Slay-4}
  9118 | D:6      | Reached skill level 1 in Evocations
  9257 | D:6      | Found a sacrificial altar of Ru.
 10020 | D:7      | Reached XP level 10. HP: 57/73 MP: 0/0
 10138 | D:7      | Found a staircase to the Ecumenical Temple.
 10144 | Temple   | Entered the Ecumenical Temple
 10184 | Temple   | Became a worshipper of the Shining One
 10495 | D:7      | Found Hib Cyutwi's Island Escapes.
 10503 | D:7      | Bought a scroll of blinking for 90 gold pieces
 10503 | D:7      | Bought a scroll of blinking for 90 gold pieces
 10503 | D:7      | Bought a scroll of blinking for 90 gold pieces
 10503 | D:7      | Bought a scroll of teleportation for 36 gold pieces
 10503 | D:7      | Bought a scroll of fog for 24 gold pieces
 10503 | D:7      | Bought a scroll of teleportation for 36 gold pieces
 10564 | D:7      | You are sucked into a shaft and drop 3 floors!
 10564 | D:10     | Entered Level 10 of the Dungeon
 10630 | D:10     | Noticed Sonja
 10772 | D:9      | Reached skill level 8 in Dodging
 11731 | D:8      | Found a broken altar of Ashenzari.
 11906 | D:8      | Reached * piety under the Shining One
 12220 | D:8      | Found a staircase to the Lair.
 12401 | D:8      | Found a stormy altar of Qazlal.
 12619 | D:9      | Found an iron altar of Okawaru.
 12620 | D:9      | Found a bloodstained altar of Trog.
 12765 | D:9      | Reached skill level 9 in Dodging
 13093 | D:9      | Reached XP level 11. HP: 61/81 MP: 0/0
 13093 | D:9      | Learned a level 4 spell: Animate Dead
 13366 | D:9      | Reached skill level 5 in Evocations
 14471 | D:10     | Reached ** piety under the Shining One
 14480 | D:10     | Reached skill level 1 in Invocations
 14483 | D:10     | Noticed a fire dragon
 14936 | D:4      | Killed LetschGu's ghost
 15126 | Lair:1   | Entered Level 1 of the Lair of Beasts
 15132 | Lair:1   | Reached skill level 10 in Dodging
 16605 | Lair:2   | Noticed a six-headed hydra
 16809 | Lair:2   | Noticed a lindwurm
 16809 | Lair:2   | Noticed mfcas's ghost (journeyman DsBe)
 16886 | Lair:2   | Reached XP level 12. HP: 85/90 MP: 0/0
 17089 | Lair:2   | Noticed a death yak
 17089 | Lair:2   | Noticed a death yak
 17089 | Lair:2   | Noticed a death yak
 17524 | Lair:2   | Killed an eight-headed hydra
 17736 | Lair:2   | Reached skill level 11 in Dodging
 17787 | Lair:2   | Noticed a death yak
 17837 | Lair:1   | Killed a death yak
 18091 | Lair:2   | Found a runed translucent gate.
 18092 | Lair:2   | Found a runed translucent gate.
 18093 | Lair:2   | Found a runed translucent gate.
 18230 | Lair:1   | Reached skill level 10 in Fighting
 18524 | Lair:2   | Reached skill level 5 in Invocations
 19324 | Lair:1   | Killed a death yak
 19718 | Lair:1   | Killed a death yak
 19940 | Lair:2   | Killed a death yak
 20614 | Lair:3   | Found a staircase to the Snake Pit.
 20647 | Lair:2   | Reached XP level 13. HP: 66/97 MP: 0/0
 20647 | Lair:2   | Learned a level 5 spell: Summon Mana Viper
 21723 | Lair:4   | Reached *** piety under the Shining One
 21726 | Lair:4   | Found a staircase to the Swamp.
 22051 | Lair:4   | Reached skill level 12 in Dodging
 23496 | Lair:5   | Found a staircase to the Slime Pits.
 24223 | Lair:5   | Noticed a four-headed hydra
 24231 | Lair:5   | Killed a four-headed hydra
 24403 | Lair:5   | Noticed a five-headed hydra
 24409 | Lair:5   | Killed a five-headed hydra
 24979 | Lair:6   | Entered Level 6 of the Lair of Beasts
 25312 | Lair:6   | Noticed a boulder beetle
 25599 | Lair:6   | Noticed a seven-headed hydra
 25653 | Lair:5   | Killed a boulder beetle
 26790 | Lair:6   | Killed a seven-headed hydra
 26791 | Lair:6   | Reached XP level 14. HP: 65/105 MP: 0/0
 28284 | Lair:6   | Reached skill level 13 in Dodging
 28430 | Lair:6   | Found a runed translucent door.
 28587 | Lair:6   | Reached **** piety under the Shining One
 28916 | Lair:6   | Slain by a komodo dragon

Illustrated notes

Levels and vault maps discovered:
D:1:      minmay_arrival_semitransparent, layout_loops_ring,
          hellmonk_ecumenical_altar_run_dry
D:2:      layout_basic, wad_floor_pattern_1, hangedman_decor_clover_reticule,
          uniq_natasha
D:3:      minmay_spotlight, layout_basic, lemuel_coloured_pillars_altar
D:4:      layout_cave_pools, mainiacjoe_overflow_catwalk_spiral,
          ebering_ghost_sewer_f, uniq_crazy_yiuf_cottage, uniq_menkaure,
          uniq_sigmund
D:5:      layout_loops_cross, grunt_temple_overflow_opulence, uniq_grinder
D:6:      layout_basic, nicolae_ru_the_path_less_chosen,
          hangedman_abyss_or_decor_lesser_grid, uniq_eustachio
D:7:      layout_layer_cave, minmay_temple_entry_fiery, minivault_19,
          nicolae_island_escapes
D:8:      layout_basic, mainiacjoe_overflow_paths, kennysheep_mini_moat,
          grunt_lair_entry_orc_guard_hut, nicolae_zen_rock_garden
D:9:      layout_basic, grunt_temple_overflow_bloody_war, minmay_puff
D:10:     minmay_shrinking_squares, layout_small_grid, lemuel_round_altar,
          amethyst_overflow_temple_binary, minmay_orc_entry_temple_small,
          uniq_sonja
Temple:   corrupted_temple
Lair:1:   layout_roguey
Lair:2:   layout_regular_city, gammafunk_ghost_split,
          nicolae_lair_grove_arrangements, grunt_forest_small_clearing_treed
Lair:3:   layout_long_grid, guppyfry_snake_entry_island
Lair:4:   layout_roguey, minmay_swamp_entry_swarm, serial_forest,
          infiniplex_forest_clump_small, infiniplex_forest_lined_corner,
          infiniplex_forest_clump_small, infiniplex_forest_clump_C
Lair:5:   layout_cave_pods, nicolae_slime_entry_slimehenge, minmay_hedge_maze,
          infiniplex_staircase_pool_2
Lair:6:   guppyfry_lair_end_dragon, layout_small_grid, wormcave,
          nicolae_lair_liquid_snakes

Skill      XL: |  1  2  3  4  5  6  7  8  9 10 11 12 13 14 |
---------------+-------------------------------------------+-----
Fighting       | 1 2 3 4 5 6 7 9 10 11 | 11.8
Dodging        | 3 4 5 6 7 9 10 11 12 13 | 13.1
Armour         | 1 2 3 5 |  5.0
Spellcasting   | 3 4 5 6 7 8 9 |  9.6
Evocations     | 2 4 5 7 |  7.9
Invocations    | 3 5 7 |  7.9
Stealth        | |  1.5

Action                   |  1- 3 |  4- 6 |  7- 9 | 10-12 | 13-15 || total
-------------------------+-------+-------+-------+-------+-------++-------
Melee: Dagger            |    23 |     1 |       |       |    10 ||    34
       Hand axe          |       |     2 |     3 |    49 |       ||    54
       Punch             |       |       |       |     1 |       ||     1
Throw: Dart              |       |       |       |     4 |    11 ||    15
 Cast: Foxfire           |    14 |    79 |   137 |   234 |    57 ||   521
       Scorch            |    28 |    42 |    77 |   129 |   140 ||   416
       Tukima's Dance    |       |       |    19 |       |     1 ||    20
       Flame Wave        |       |       |       |    39 |    19 ||    58
       Poisonous Vapours |       |       |       |    11 |    12 ||    23
       Confusing Touch   |       |       |       |     4 |     1 ||     5
       Summon Mana Viper |       |       |       |       |    40 ||    40
       Inner Flame       |       |       |       |       |     2 ||     2
Invok: Divine Shield     |       |       |       |     1 |       ||     1
Evoke: Wand              |       |       |       |    10 |     7 ||    17
  Use: Scroll            |     5 |     4 |     3 |     9 |    10 ||    31
 Stab: Sleeping          |       |       |     1 |       |       ||     1
Armor: Robe              |    12 |     2 |       |       |       ||    14
       Leather armour    |       |       |    18 |       |       ||    18
       Steam dragon scal |       |       |     1 |    81 |    31 ||   113
Dodge: Dodged            |    16 |     6 |    64 |   245 |   111 ||   442
Block: Other             |       |       |       |     3 |       ||     3
